Map: Thunderbird LE

Players

OLI - Winner!

  • Race: Terran Terran
  • League: Master
  • Spawn Location: 11:00

Mez

  • Race: Terran Terran
  • League: Master
  • Spawn Location: 5:00

VOD

Have the link to the VOD?

Description

Time

  • Played on: July 28, 2019, 8:15 a.m.
  • Length: 5:50
Show
View Real Time Build Order
Export as new Build Order

OLI Terran - Winner!

Build Orders:  

Get SALT Encoding   

  12  0:01  SCV  
  13  0:13  SCV  
  14  0:17  Supply Depot  
  14  0:25  SCV  
  15  0:35  Refinery  
  15  0:38  SCV  
  16  1:02  Barracks x2  
  16  1:04  SCV  
  17  1:16  SCV  
  18  1:19  Supply Depot  
  18  1:26  Refinery  
  18  1:31  SCV  
  19  1:43  SCV  
  20  1:49  Barracks Tech Lab  
  20  1:50  Barracks Reactor  
  20  1:53  Barracks Tech Lab  
  20  2:09  Marauder  
  20  2:10  Concussive Shells  
  20  2:12  Marauder  
  24  2:20  Orbital Command  
  23  2:31  Marauder  
  25  2:38  Marauder  
  27  2:55  Marauder  
  29  2:59  Marauder  
  31  3:30  Marauder  
  31  3:31  SCV  
  30  3:43  SCV  
  30  3:44  Factory  
  31  3:57  Supply Depot  
  31  4:06  Marauder  
  31  4:16  Barracks  
  31  4:19  Marauder  
  31  4:20  SCV  
  34  4:27  Marauder  
  32  4:32  SCV  
  32  4:34  Starport  
  32  4:35  Factory Tech Lab  
  33  4:40  Marauder  
  33  4:52  Marauder  
  35  4:54  Siege Tank  
  35  4:57  Supply Depot  
  38  5:03  Marauder  
  38  5:04  SCV  
  41  5:08  Marine  
  42  5:15  Supply Depot  
  42  5:34  Factory Tech Lab  
  45  5:37  SCV  
Show
View Real Time Build Order
Export as new Build Order

Mez Terran 

Build Orders:  

Get SALT Encoding   

  12  0:00  SCV  
  13  0:13  SCV  
  14  0:18  Supply Depot  
  14  0:26  Refinery  
  14  0:28  SCV  
  15  0:41  SCV  
  16  0:46  Barracks  
  16  0:54  SCV  
  17  1:06  SCV  
  17  1:10  Barracks  
  18  1:20  SCV  
  19  1:34  Reaper, Orbital Command  
  20  1:41  Supply Depot  
  20  1:57  Reaper  
  20  2:00  SCV  
  22  2:15  Reaper  
  23  2:23  SCV  
  23  2:28  Command Center  
  25  2:30  Reaper  
  25  2:32  Supply Depot  
  25  2:37  SCV  
  25  2:42  Barracks  
  26  2:47  Reaper  
  26  2:49  SCV  
  26  2:59  Bunker  
  25  3:10  Reaper  
  25  3:19  Reaper  
  24  3:30  Marine  
  24  3:32  SCV  
  20  3:42  Marine  
  20  3:45  SCV  
  20  3:47  Marine  
  23  3:51  Marine  
  23  4:05  Reaper  
  23  4:07  Marine  
  23  4:14  Supply Depot  
  23  4:15  Supply Depot  
  23  4:25  SCV  
  23  4:37  SCV  
  22  4:49  SCV  
  22  4:50  Marine x3  
  24  5:04  SCV  
  25  5:08  Marine  
  25  5:10  Marine x2  
  28  5:16  SCV  
  29  5:26  Marine  
  30  5:28  SCV  
  30  5:29  Barracks Tech Lab  
  30  5:30  Marine  
  30  5:35  Supply Depot  
Tags
 
Add a new tag
Caveats
  • Supply blocks, unpowered buildings, or Contaminate may cause inaccurate times.
  • Supply counts are checked every 10 seconds.